 Dungeon Crawl Stone Soup version 0.29-a0-322-g68df515428 (webtiles) character file.

Game seed: 17402393087536488789

639 HotDog the Chopper (level 7, 0/61 HPs)
             Began as a Hill Orc Fighter on Apr 8, 2022.
             Succumbed to a water moccasin's poison
             ... on level 5 of the Dungeon.
             The game lasted 00:05:46 (4906 turns).

HotDog the Chopper (Hill Orc Fighter)               Turns: 4906, Time: 00:05:47

Health: 0/61       AC:  9    Str: 21    XL:     7   Next: 50%
Magic:  8/9        EV:  8    Int:  8    God:
Gold:   199        SH:  4    Dex: 10    Spells: 6/6 levels left

rFire   . . .      SeeInvis .   a - +0 war axe
rCold   . . .      Faith    .   c - +0 buckler
rNeg    . . .      Spirit   .   l - +0 chain mail
rPois   .          Reflect  .   (no helmet)
rElec   .          Harm     .   (no cloak)
rCorr   .          Rampage  .   (no gloves)
Will    +....                   (no boots)
Stlth   ..........              (no amulet)
HPRegen 0.20/turn               m - ring of willpower
MPRegen 0.11/turn               (no ring)

@: mighty, lethally poisoned (0 -> -21)
A: no striking features
a: no special abilities


You were on level 5 of the Dungeon.
You visited 1 branch of the dungeon, and saw 5 of its levels.

You collected 199 gold pieces.

Inventory:

Hand Weapons
 a - a +0 war axe (weapon)
Armour
 c - a +0 buckler (worn)
 l - a +0 chain mail (worn)
Jewellery
 m - a ring of willpower (left hand)
 n - a ring of fire
Scrolls
 f - 2 scrolls of enchant armour
 g - a scroll of identify
 i - a scroll of teleportation
 j - 2 scrolls of fear
 k - a scroll of fog {unknown}
 o - a scroll of enchant weapon {unknown}
Potions
 b - 2 potions of mutation {unknown}
 d - a potion of might
 e - a potion of magic


   Skills:
 * Level 5.0 Fighting
 * Level 6.4 Axes
 * Level 5.2 Armour
 * Level 1.7 Dodging
 * Level 4.4 Shields
 * Level 2.8 Invocations


You had 6 spell levels left.
You didn't know any spells.
Your spell library contained the following spells:

 Spells                   Type           Power      Damage    Failure   Level
 Freeze                   Ice            0%         1d3       99%         1
 Blink                    Tloc           0%         N/A       100%        2
 Frozen Ramparts          Ice            0%         1d2       100%        3
 Hailstorm                Conj/Ice       0%         3d3       100%        4
 Manifold Assault         Tloc           0%         N/A       100%        5
 Storm Form               Tmut/Air       0%         N/A       100%        7


Dungeon Overview and Level Annotations

Branches:
Dungeon (5/15)
 Temple: D:4-7

Altars:
Wu Jian

Shops:
D:4 [*?[

Annotations:
D:3 1 runed translucent door, Crazy Yiuf


Message History

Unknown command.
You slash the hound!
You kill the hound!
You slash the hound!
You kill the hound!
The water moccasin completely misses you.
Your Fighting skill increases to level 5!
Unknown command.
You closely miss the water moccasin. The water moccasin barely misses you.
The water moccasin bites you.
You are poisoned.
The water moccasin poisons you!
The water moccasin bites you but does no damage.
Unknown command.
You hit the water moccasin.
The water moccasin is lightly wounded.
You hit the water moccasin.
You feel very sick.
The water moccasin bites you but does no damage.
The water moccasin closely misses you.
The water moccasin bites you but does no damage. x2
You closely miss the water moccasin.
The water moccasin is lightly wounded.
You miss the water moccasin.
You feel sick. The water moccasin barely misses you.
You block the water moccasin's attack.
Unknown command.
You slice the water moccasin!!
The water moccasin is almost dead.
You hit the water moccasin.
You feel sick.
The water moccasin bites you but does no damage.
You block the water moccasin's attack. The water moccasin bites you.
* * * LOW HITPOINT WARNING * * *
The water moccasin bites you.
* * * LOW HITPOINT WARNING * * *
You are lethally poisoned!
The water moccasin poisons you!
You miss the water moccasin.
The water moccasin is almost dead.
You hit the water moccasin.
You die...

...# ### #..#
##..###..####
#...........#
..........#
.#.#.#......#
............#
.#.#.#S@....#
.....WS<....#
.#.#.####..##
.. ### #. ..
.


You could see 2 water moccasins and a phantom.

Vanquished Creatures
  An ogre (D:5)
  2 phantoms
  A kobold brigand (D:5)
  A necrophage (D:4)
  3 hounds (D:5)
  An iguana (D:5)
  4 gnolls
  7 adders
  A shadow imp (D:5)
  2 dart slugs
  2 orcs (D:4)
  3 bats
  An endoplasm (D:3)
  2 giant cockroaches (D:1)
  7 hobgoblins
  2 jackals (D:1)
  2 quokkas
  8 ball pythons
  2 frilled lizards
  6 goblins
  9 kobolds
  A rat (D:2)
68 creatures vanquished.

Vanquished Creatures (others)
  A jelly (D:5)
  An ufetubus (D:5)
2 creatures vanquished.

Grand Total: 70 creatures vanquished

Notes
Turn   | Place    | Note
-------+----------+-------------------------------------------
     0 | D:1      | HotDog the Hill Orc Fighter began the quest for the Orb.
     0 | D:1      | Reached XP level 1. HP: 19/19 MP: 1/1
   101 | D:1      | Reached XP level 2. HP: 27/27 MP: 2/2
   286 | D:1      | Found a faded altar of an unknown god.
   296 | D:1      | Reached skill level 3 in Axes
   449 | D:1      | Reached XP level 3. HP: 28/33 MP: 3/3
  1284 | D:2      | Reached skill level 1 in Invocations
  1438 | D:2      | Reached XP level 4. HP: 38/40 MP: 4/4
  2089 | D:3      | Reached skill level 4 in Axes
  2612 | D:3      | Found a runed translucent door.
  2613 | D:3      | Noticed Crazy Yiuf
  3059 | D:4      | Reached XP level 5. HP: 42/46 MP: 6/6
  3119 | D:4      | Found Dit Xath's Armour Boutique.
  3119 | D:4      | Found Habra Qoeva's Magic Scroll Boutique.
  3123 | D:4      | Found Vihoa's Assorted Antiques.
  3130 | D:4      | Found Tuag's Antique Armour Boutique.
  3136 | D:4      | Reached skill level 1 in Dodging
  3186 | D:4      | Noticed a phantom
  3199 | D:4      | Killed a phantom
  3200 | D:4      | Reached skill level 5 in Axes
  3200 | D:4      | Reached XP level 6. HP: 39/53 MP: 7/7
  3674 | D:4      | Found an ornate altar of the Wu Jian Council.
  3933 | D:5      | Entered Level 5 of the Dungeon
  3947 | D:5      | HP: 1/53 [iguana (8)]
  4517 | D:5      | Reached skill level 6 in Axes
  4517 | D:5      | Reached XP level 7. HP: 32/60 MP: 8/8
  4900 | D:5      | Reached skill level 5 in Armour
  4902 | D:5      | Reached skill level 5 in Fighting
  4906 | D:5      | Succumbed to a water moccasin's poison

Illustrated notes

Levels and vault maps discovered:
D:1:      minmay_arrival_pointy, layout_basic, hellmonk_ecumenical_altar_zigzags
D:2:      layout_loops_corners, serial_park_tiny_pond
D:3:      layout_basic, grunt_decor_mini_mirrors, uniq_crazy_yiuf_cottage
D:4:      layout_basic, nicolae_overflow_crystal_walls, minmay_shop_grid_forest,
          nicolae_figureground_pulse
D:5:      layout_gridville, st_stairs_9, lemuel_flamethrower_2

Skill      XL: |  1  2  3  4  5  6  7 |
---------------+----------------------+-----
Axes           | 3 4 5 6 |  6.4
Fighting       | 4 5 |  5.0
Invocations    | 1 2 |  2.8
Armour         | 4 5 |  5.2
Dodging        | 1 |  1.7
Shields        | 4 |  4.4

Action                   |  1- 3 |  4- 6 |  7- 9 || total
-------------------------+-------+-------+-------++-------
Melee: War axe           |    95 |   135 |    11 ||   241
  Use: Scroll            |       |     5 |       ||     5
       Potion            |       |     1 |     2 ||     3
Armor: Scale mail        |    62 |    18 |       ||    80
       Chain mail        |       |    54 |    19 ||    73
Dodge: Dodged            |    49 |    47 |    10 ||   106
Block: Buckler           |    26 |    33 |     6 ||    65

Table legend: (Time is in decaauts)
 A = Elapsed time spent in this place.
 B = Non-inter-level travel time spent in this place.
 C = Inter-level travel time spent in this place.
 D = Time resting spent in this place.
 E = Time spent auto-exploring this place.
 F = Levels seen in this place.
 G = Mean time per level.
                   A        B        C        D        E       F      G
               +--------+--------+--------+--------+--------+-----+--------+
         Total |   4988 |   4718 |    270 |   1208 |   2896 |   5 |  997.6 |
       Dungeon |   4988 |   4718 |    270 |   1208 |   2896 |   5 |  997.6 |
               +--------+--------+--------+--------+--------+-----+--------+

Top non-repeatable levels by time:
     D:4: 1856 daAuts
     D:3: 1181 daAuts
     D:2: 909 daAuts
     D:1: 871 daAuts
     D:5: 169 daAuts
